 Dungeon Crawl Stone Soup version 0.24.0-35-gdb84b6a5db (webtiles) character file.

Game seed: 2505420359201679043, levelgen mode: deterministic

420 Gruesph the Archer (level 6, -2/48 HPs)
             Began as a Centaur Hunter on Nov 19, 2019.
             Slain by a wight
             ... wielding a +0 trident
              (4 damage)
             ... on level 4 of the Dungeon.
             The game lasted 00:15:36 (5622 turns).

Gruesph the Archer (Centaur Hunter)                 Turns: 5622, Time: 00:15:37

Health: -2/48      AC:  9    Str: 16    XL:     6   Next: 62%
Magic:  6/6        EV:  2    Int: 10    God:
Gold:   168        SH:  0    Dex: 10    Spells: 5/5 levels left

rFire    . . .     SeeInvis .   b - +1 flail (protect)
rCold    . . .     Gourm    .   (no shield)
rNeg     . . .     Faith    .   u - +1 plate armour
rPois    .         Spirit   .   (no helmet)
rElec    .         Reflect  .   (no cloak)
rCorr    .         Harm     .   (no gloves)
MR       .....                  (no barding)
Stlth    ..........             (no amulet)
HPRegen  0.16/turn              (no ring)
MPRegen  0.10/turn              (no ring)

@: heavily drained, very quick
A: large, hooves 3, deformed body, speed 2, tough skin 3
a: no special abilities


You were on level 4 of the Dungeon.
You were not hungry.

You visited 1 branch of the dungeon, and saw 4 of its levels.

You collected 168 gold pieces.

Inventory:

Hand Weapons
 a - a +2 shortbow
 b - a +1 flail of protection (weapon)
Missiles
 d - 12 arrows
Armour
 u - a +1 plate armour (worn)
Scrolls
 q - a scroll of teleportation
Potions
 c - 2 potions of ambrosia {unknown}
 e - a potion of might {unknown}
 g - a potion of mutation {unknown}
 h - 4 potions of curing {unknown}
 i - 2 potions of invisibility {unknown}
 k - a potion of berserk rage {unknown}
 m - a potion of resistance {unknown}
 o - 2 potions of heal wounds {unknown}
 p - a potion of haste {unknown}
Comestibles
 f - 4 rations


   Skills:
 - Level 2.0(0.3) Fighting
 + Level 10.4(8.3) Bows
 - Level 1.3(0.0) Dodging
 - Level 0.4(0.0) Stealth


You had 5 spell levels left.
You didn't know any spells.
Your spell library contained the following spells:

 Spells                   Type           Power        Failure   Level  Hunger
 Animate Skeleton         Necr           N/A          100%        1    ##.....
 Apportation              Tloc           #.....       100%        1    ##.....
 Confusing Touch          Hex            #.....       100%        1    ##.....
 Summon Small Mammal      Summ           #...         100%        1    ##.....


Dungeon Overview and Level Annotations

Branches:
Dungeon (4/15)
 Temple: D:4-7

Altars:
Fedhas

Annotations:
D:3 1 runed translucent door, Crazy Yiuf


Innate Abilities, Weirdness & Mutations

You have hooves in place of feet.
Armour fits poorly on your strangely shaped body.
You cover ground very quickly.
You have extremely tough skin. (AC +3)


Message History

You barely miss the wight.
The wight is severely damaged.
The wight hits you but does no damage.
You barely miss the wight. Your kick misses the wight.
The wight is severely damaged.
The wight hits you with a +0 trident.
Your plate armour prevents you from hitting the wight.
Your kick misses the wight.
The wight is severely damaged.
The wight hits you with a +0 trident!
* * * LOW HITPOINT WARNING * * *
Your plate armour prevents you from hitting the wight.
Your kick misses the wight.
The wight is severely damaged.
The wight hits you with a +0 trident!
* * * LOW HITPOINT WARNING * * *
You feel drained.
* * * LOW HITPOINT WARNING * * *
The wight hits you with a +0 trident.
You die...

##....##
#..##..#
##z####.#
#..# #.##
#.## #(.#
#)#
##(####
##(#
#..(..#
#.(#
#...z.#
.z.....##
#...@.#
.......
#....<#
.......
#######
.......
.......
.......
......#


You could see a wight.

Vanquished Creatures
  A phantom (D:3)
  A wight (D:4)
  A hound (D:3)
  Terence (D:3)
  4 gnolls (D:2)
  11 adders
  8 worms
  3 dart slugs
  5 orcs (D:3)
  A ball python (D:2)
  2 giant cockroaches
  6 goblins
  5 hobgoblins
  2 jackals (D:1)
  8 bats
  7 frilled lizards
  6 kobolds
  9 rats
81 creatures vanquished.

Notes
Turn   | Place    | Note
-------+----------+-------------------------------------------
     0 | D:1      | Gruesph the Centaur Hunter began the quest for the Orb.
     0 | D:1      | Reached XP level 1. HP: 17/17 MP: 1/1
    32 | D:1      | You fall into a shaft and drop 1 floor!
    78 | D:2      | Found a blossoming altar of Fedhas.
   112 | D:1      | Reached skill level 6 in Bows
   112 | D:1      | Reached XP level 2. HP: 7/24 MP: 2/2
   978 | D:1      | Reached XP level 3. HP: 29/29 MP: 3/3
  1603 | D:2      | Reached skill level 7 in Bows
  1844 | D:2      | Reached XP level 4. HP: 25/36 MP: 4/4
  2282 | D:2      | Reached skill level 8 in Bows
  2539 | D:2      | Reached XP level 5. HP: 34/41 MP: 5/5
  2977 | D:2      | Found a blossoming altar of Fedhas.
  3904 | D:3      | Reached skill level 9 in Bows
  4683 | D:3      | Noticed Terence
  4700 | D:3      | Killed Terence
  4972 | D:3      | Found a runed translucent door.
  4973 | D:3      | Noticed Crazy Yiuf
  5308 | D:4      | Noticed a phantom
  5339 | D:3      | Reached XP level 6. HP: 40/48 MP: 6/6
  5357 | D:3      | Reached skill level 10 in Bows
  5622 | D:4      | HP: 2/48 [wight/+0 trident (3)]
  5622 | D:4      | Slain by a wight

Levels and vault maps discovered:
D:1:      dpeg_arrival_erosion, layout_basic, serial_glass, glass_columns_b,
          glass_columns_a, grunt_decor_mini_mirrors
D:2:      cheibrodos_old_hovel, layout_rooms, fedhas_altar_2
D:3:      layout_basic, uniq_terence, uniq_crazy_yiuf_cottage
D:4:      layout_rooms, minmay_temple_entry_wispy

Skill      XL: |  1  2  3  4  5  6 |
---------------+-------------------+-----
Bows           | 6 7 8 9 10 | 10.4
Fighting       | |  2.0
Dodging        | |  1.3
Stealth        | |  0.4

Action                   |  1- 3 |  4- 6 || total
-------------------------+-------+-------++-------
Melee: Short sword       |    62 |    77 ||   139
       Kick              |    10 |    25 ||    35
       Flail             |       |    68 ||    68
 Fire: Shortbow          |    49 |   107 ||   156
  Use: Scroll            |       |     6 ||     6
  Eat: Chunk             |     2 |     7 ||     9
       Ration            |       |     1 ||     1
Armor: Leather armour    |    15 |       ||    15
       Ring mail         |    33 |       ||    33
       Chain mail        |    21 |    61 ||    82
       Plate armour      |       |    86 ||    86
Dodge: Dodged            |    50 |    43 ||    93
